 Dungeon Crawl Stone Soup version 0.29-a0-617-g7a6b98fccd (webtiles) character file.

Game seed: 10572510216907004242

179 frimble the Chucker (level 5, 0/37 HPs)
             Began as a Gnoll Wanderer on June 17, 2022.
             Slain by an ogre
             ... wielding a +0 giant club
              (24 damage)
             ... on level 4 of the Dungeon.
             The game lasted 00:04:49 (4349 turns).

frimble the Chucker (Gnoll Wanderer)                Turns: 4349, Time: 00:04:50

Health: 0/37       AC:  5    Str: 13    XL:     5   Next: 59%
Magic:  7/9        EV: 12    Int: 11    God:
Gold:   38         SH:  0    Dex: 15    Spells: 2/10 levels left

rFire   . . .      SeeInvis .   a - +2 falchion
rCold   . . .      Faith    .   (no shield)
rNeg    . . .      Spirit   .   f - +1 robe
rPois   +          Reflect  .   o - +2 hat "Oshomoso" {rPois Str+5 Int-2}
rElec   .          Harm     .   (no cloak)
rCorr   .          Rampage  .   (no gloves)
Will    .....                   (no boots)
Stlth   ++........              (no amulet)
HPRegen 0.12/turn               (no ring)
MPRegen 0.11/turn               (no ring)

@: on blink cooldown
A: fangs 1, strong nose, distributed training
a: no special abilities


You were on level 4 of the Dungeon.
You visited 1 branch of the dungeon, and saw 4 of its levels.

You collected 182 gold pieces.
You spent 144 gold pieces at shops.

Inventory:

Hand Weapons
 a - a +2 falchion (weapon)
 d - a +0 dagger
Missiles
 c - 5 boomerangs (quivered)
Armour
 f - a +1 robe (worn)
 o - the +2 hat "Oshomoso" (worn) {rPois Str+5 Int-2}
   (You bought it in a shop on level 2 of the Dungeon)

   Str:       It affects your strength (+5).
   Int:       It affects your intelligence (-2).
   rPois:     It protects you from poison.
Wands
 l - a wand of digging (1)
 m - a wand of charming (8)
 s - a wand of flame (30)
Scrolls
 b - 3 scrolls of magic mapping
 i - 2 scrolls of noise {unknown}
 n - 3 scrolls of brand weapon {unknown}
 p - a scroll of poison
 q - a scroll of enchant armour
 t - a scroll of enchant weapon {unknown}
Potions
 e - a potion of curing
 g - a potion of might
 h - a potion of mutation {unknown}
 j - a potion of brilliance
 k - a potion of invisibility
 r - a potion of haste {unknown}


   Skills:
 + Level 1.5 Fighting
 + Level 3.0 Short Blades
 + Level 4.8 Long Blades
 + Level 1.5 Axes
 + Level 1.5 Maces & Flails
 + Level 1.5 Polearms
 + Level 1.5 Staves
 + Level 1.5 Slings
 + Level 1.5 Bows
 + Level 1.5 Crossbows
 + Level 4.8 Throwing
 + Level 3.0 Armour
 + Level 1.5 Dodging
 + Level 2.8 Stealth
 + Level 1.5 Shields
 + Level 1.5 Unarmed Combat
 + Level 3.2 Spellcasting
 + Level 1.2 Conjurations
 + Level 1.2 Hexes
 + Level 1.2 Summonings
 + Level 1.2 Necromancy
 + Level 1.2 Translocations
 + Level 1.2 Transmutations
 + Level 1.2 Fire Magic
 + Level 1.2 Ice Magic
 + Level 1.2 Air Magic
 + Level 1.2 Earth Magic
 + Level 1.2 Poison Magic
 + Level 3.1 Invocations
 + Level 3.0 Evocations


You had 2 spell levels left.
You knew the following spells:

 Your Spells              Type           Power      Damage    Failure   Level
a - Magic Dart            Conj           16%        1d3       16%         1
b - Blink                 Tloc           8%         N/A       24%         2
c - Fireball              Conj/Fire      2%         3d4       99%         5

Your spell library contained the following spells:

 Spells                   Type           Power      Damage    Failure   Level
 Searing Ray              Conj           8%         2d4       24%         2
 Lesser Beckoning         Tloc           4%         N/A       43%         3
 Fulminant Prism          Conj/Hex       2%         3d6       83%         4
 Hailstorm                Conj/Ice       4%         3d4       83%         4
 Ice Form                 Ice/Tmut       4%         N/A       83%         4
 Iskenderun's Battlesphe  Conj           4%         2d6       99%         5
 Manifold Assault         Tloc           4%         N/A       99%         5
 Conjure Ball Lightning   Conj/Air       2%         3x3d6     100%        6
 Simulacrum               Ice/Necr       2%         N/A       100%        6
 Orb of Destruction       Conj           2%         9d5       100%        7


Dungeon Overview and Level Annotations

Branches:
Dungeon (4/15)
 Temple: D:4-7

Altars:

Shops:
D:2 [   D:4 *

Portals:
Abyss: D:3

Annotations:
D:3 2 transporters, testman's ghost, amateur MeFi


Innate Abilities, Weirdness & Mutations

You have very sharp teeth.
Your uncanny sense of smell can sniff out nearby items.
Your experience applies equally to all skills.


Message History

Press: ? - help, Q - select action, (/) - cycle Shift-Dir - straight line, f - ogre
Aim: an ogre, wielding a +0 giant club (wandering, hasn't noticed you, 75% to hit)
You throw a boomerang. The ogre shouts!
The boomerang hits the ogre.
The ogre is lightly wounded.
Throw: 5 boomerangs
Press: ? - help, Q - select action, (/) - cycle Shift-Dir - straight line, f/p - ogre
Aim: an ogre, wielding a +0 giant club (lightly wounded, 75% to hit)
You throw a boomerang. The boomerang barely misses the ogre.
Throw: 5 boomerangs
Press: ? - help, Q - select action, (/) - cycle Shift-Dir - straight line, f/p - ogre
Aim: an ogre, wielding a +0 giant club (lightly wounded, 75% to hit)
You throw a boomerang. The boomerang hits the ogre.
The ogre is moderately wounded.
Throw: 5 boomerangs
Press: ? - help, Q - select action, (/) - cycle Shift-Dir - straight line, f/p - ogre
Aim: an ogre, wielding a +0 giant club (moderately wounded, 75% to hit)
You throw a boomerang. The boomerang barely misses the ogre.
Throw: 5 boomerangs
Press: ? - help, Q - select action, (/) - cycle Shift-Dir - straight line, f/p - ogre
Aim: an ogre, wielding a +0 giant club (moderately wounded, 75% to hit)
You throw a boomerang. The boomerang hits the ogre!
The ogre is heavily wounded.
Throw: 5 boomerangs
Press: ? - help, Q - select action, (/) - cycle Shift-Dir - straight line, f/p - ogre
Aim: an ogre, wielding a +0 giant club (heavily wounded, 75% to hit)
You throw a boomerang. The boomerang hits the ogre.
The ogre is heavily wounded.
Casting: Blink (dangerous; 24% risk of failure)
Confirm with . or Enter, or press ? or * to list all spells.
You blink.
Found 5 poisoned darts and a falchion.
You barely miss the ogre. You bite the ogre.
The ogre is heavily wounded.
The ogre hits you with a +0 giant club!
You hit the ogre.
The ogre is severely wounded.
The ogre hits you with a +0 giant club!!
Ouch! That really hurt!
You die...

.... ##. . #. ..
.####[ .). ......
######.... ..###. ∆
(........ ...
##########........ ###
#......§.O@....#
#######.########.###.#
...........# #.#... #.
#######....# #.#.#.
#... ...........#
#.#.#. #.#.#
########...#
#.#.#.######.#.. #...#
#.#.#......#.##.#
#...#
###.##.....#.##.##
#.^.#
###...#............


You could see an ogre.

Vanquished Creatures
  An iguana (D:4)
  2 adders
  4 gnolls (D:2)
  3 worms
  2 dart slugs
  An orc (D:4)
  4 ball pythons
  5 bats
  5 endoplasms
  4 giant cockroaches
  11 goblins
  11 hobgoblins
  7 jackals
  2 quokkas
  7 frilled lizards
  6 kobolds
  3 rats (D:1)
78 creatures vanquished.

Notes
Turn   | Place    | Note
-------+----------+-------------------------------------------
     0 | D:1      | frimble the Gnoll Wanderer began the quest for the Orb.
     0 | D:1      | frimble set off with the following items: a +2 falchion, a
                  | +0 short sword, 8 boomerangs, a +0 dagger, a potion of
                  | curing, a +0 robe.
     0 | D:1      | Reached XP level 1. HP: 13/13 MP: 4/4
   208 | D:1      | Reached XP level 2. HP: 18/19 MP: 5/5
   476 | D:1      | Learned a level 1 spell: Magic Dart
   525 | D:1      | Reached XP level 3. HP: 15/25 MP: 7/7
  1227 | D:2      | Learned a level 2 spell: Blink
  1763 | D:2      | Found Elic's Antique Armour Shop.
  1789 | D:2      | Found a faded altar of an unknown god.
  1812 | D:2      | Reached skill level 1 in Fighting
  1812 | D:2      | Reached skill level 1 in Axes
  1812 | D:2      | Reached skill level 1 in Maces & Flails
  1812 | D:2      | Reached skill level 1 in Polearms
  1812 | D:2      | Reached skill level 1 in Staves
  1812 | D:2      | Reached skill level 1 in Slings
  1812 | D:2      | Reached skill level 1 in Bows
  1812 | D:2      | Reached skill level 1 in Crossbows
  1812 | D:2      | Reached skill level 1 in Dodging
  1812 | D:2      | Reached skill level 1 in Shields
  1812 | D:2      | Reached skill level 1 in Unarmed Combat
  1946 | D:2      | Reached XP level 4. HP: 32/32 MP: 8/8
  2328 | D:2      | Reached skill level 1 in Conjurations
  2328 | D:2      | Reached skill level 1 in Hexes
  2328 | D:2      | Reached skill level 1 in Summonings
  2328 | D:2      | Reached skill level 1 in Necromancy
  2328 | D:2      | Reached skill level 1 in Translocations
  2328 | D:2      | Reached skill level 1 in Transmutations
  2328 | D:2      | Reached skill level 1 in Fire Magic
  2328 | D:2      | Reached skill level 1 in Ice Magic
  2328 | D:2      | Reached skill level 1 in Air Magic
  2328 | D:2      | Reached skill level 1 in Earth Magic
  2328 | D:2      | Reached skill level 1 in Poison Magic
  2583 | D:3      | Found a transporter.
  2592 | D:3      | Found a transporter.
  2603 | D:3      | Found a one-way gate to the infinite horrors of the Abyss.
  2603 | D:3      | Noticed testman's ghost (amateur MeFi)
  2929 | D:3      | Reached XP level 5. HP: 35/37 MP: 9/9
  3540 | D:2      | Bought a heavily runed hat for 144 gold pieces
  3540 | D:2      | Identified the +2 hat "Oshomoso" {rPois Str+5 Int-2} (You
                  | bought it in a shop on level 2 of the Dungeon)
  3604 | D:4      | Noticed an ogre
  4190 | D:4      | Learned a level 5 spell: Fireball
  4291 | D:4      | Found Koupal's Gadget Gallery.
  4349 | D:4      | Slain by an ogre

Illustrated notes

Levels and vault maps discovered:
D:1:      minmay_arrival_hallway, layout_rooms, corexii_hall_statues_i,
          minmay_pentomino_s2
D:2:      layout_basic, hellmonk_ecumenical_altar_arch_garden, serial_shops,
          shop
D:3:      layout_basic, gammafunk_ghost_abyssal_escape
D:4:      layout_basic, gammafunk_temple_overflow_statue, nicolae_shop_gadgets

Skill      XL: |  1  2  3  4  5 |
---------------+----------------+-----
Fighting       | 1 |  1.5
Axes           | 1 |  1.5
Maces & Flails | 1 |  1.5
Polearms       | 1 |  1.5
Staves         | 1 |  1.5
Slings         | 1 |  1.5
Bows           | 1 |  1.5
Crossbows      | 1 |  1.5
Dodging        | 1 |  1.5
Shields        | 1 |  1.5
Unarmed Combat | 1 |  1.5
Spellcasting   | 3 |  3.2
Conjurations   | 1 |  1.2
Hexes          | 1 |  1.2
Summonings     | 1 |  1.2
Necromancy     | 1 |  1.2
Translocations | 1 |  1.2
Transmutations | 1 |  1.2
Fire Magic     | 1 |  1.2
Ice Magic      | 1 |  1.2
Air Magic      | 1 |  1.2
Earth Magic    | 1 |  1.2
Poison Magic   | 1 |  1.2
Invocations    | 3 |  3.1
Short Blades   | 3 |  3.0
Armour         | 3 |  3.0
Evocations     | 3 |  3.0
Long Blades    | |  4.8
Throwing       | |  4.8
Stealth        | |  2.8

Action                   |  1- 3 |  4- 6 || total
-------------------------+-------+-------++-------
Melee: Falchion          |    84 |    91 ||   175
       Bite              |     4 |    14 ||    18
       Punch             |     1 |       ||     1
Throw: Boomerang         |    17 |    27 ||    44
 Cast: Blink             |       |     2 ||     2
  Use: Potion            |     1 |       ||     1
       Scroll            |     5 |     3 ||     8
 Stab: Sleeping          |     3 |     4 ||     7
Armor: Robe              |    17 |    20 ||    37
Dodge: Dodged            |    36 |    39 ||    75

Table legend: (Time is in decaauts)
 A = Elapsed time spent in this place.
 B = Non-inter-level travel time spent in this place.
 C = Inter-level travel time spent in this place.
 D = Time resting spent in this place.
 E = Time spent auto-exploring this place.
 F = Levels seen in this place.
 G = Mean time per level.
                   A        B        C        D        E       F      G
               +--------+--------+--------+--------+--------+-----+--------+
         Total |   4364 |   4175 |    189 |    100 |   3475 |   4 | 1091.0 |
       Dungeon |   4364 |   4175 |    189 |    100 |   3475 |   4 | 1091.0 |
               +--------+--------+--------+--------+--------+-----+--------+

Top non-repeatable levels by time:
     D:2: 1395 daAuts
     D:1: 1220 daAuts
     D:3: 1002 daAuts
     D:4: 746 daAuts
